 Dungeon Crawl Stone Soup version 0.27.1-1-g398f81649c (webtiles) character file.

Game seed: 11864598202827110098

2160 H0rd4k the Insei (level 9, -6/55 HPs)
             Began as an Octopode Transmuter on Sept 22, 2021.
             Succumbed to an orc's poison
             ... on level 5 of the Dungeon.
             The game lasted 00:07:11 (8505 turns).

H0rd4k the Insei (Octopode Transmuter)              Turns: 8505, Time: 00:07:11

Health: -6/55      AC:  2    Str:  9    XL:     9   Next: 31%
Magic:  14/16      EV: 22    Int: 19    God:
Gold:   243        SH:  0    Dex: 17    Spells: 9/18 levels left

rFire    . . .     SeeInvis .     - Unarmed
rCold    . . .     Faith    .   (shield currently unavailable)
rNeg     . . .     Spirit   .   (helmet currently unavailable)
rPois    x         Reflect  .   (no amulet)
rElec    .         Harm     .   b - ring of resist corrosion
rCorr    +         Rampage  .   (no ring)
Will     .....                  (no ring)
Stlth    +++.......             (no ring)
HPRegen  0.18/turn              (no ring)
MPRegen  0.15/turn              (no ring)
                                (no ring)
                                (no ring)

@: lethally poisoned (-6 -> -43), spider-form (expiring)
A: venomous fangs, almost no armour, (amphibious), 8 rings, tiny, (camouflage
1), (gelatinous body 1), (nimble swimmer 1), (tentacles)
a: End Transformation


You were on level 5 of the Dungeon.
You were a venomous arachnid creature.
You visited 1 branch of the dungeon, and saw 5 of its levels.

You collected 243 gold pieces.

Inventory:

Hand Weapons
 g - a +1 dagger of holy wrath
Missiles
 r - 18 poisoned darts
Jewellery
 b - a ring of resist corrosion (left front leg)
 h - a ring of ice
Scrolls
 a - a scroll of immolation {unknown}
 c - 4 scrolls of identify {unknown}
 d - a scroll of magic mapping {unknown}
 e - a scroll of brand weapon {unknown}
 i - 3 scrolls of teleportation {unknown}
 k - a scroll of vulnerability {unknown}
 l - 2 scrolls of enchant weapon {unknown}
 q - a scroll of silence {unknown}
 t - 2 scrolls of amnesia {unknown}
Potions
 f - a potion of cancellation {unknown}
 j - 3 potions of heal wounds {unknown}
 m - 2 potions of attraction {unknown}
 n - a potion of haste
 o - a potion of might {unknown}
 p - a potion of flight {unknown}
 s - a potion of curing


   Skills:
 + Level 2.6 Fighting
 + Level 4.7 Dodging
 + Level 4.2 Stealth
 + Level 7.5 Unarmed Combat
 * Level 5.1 Spellcasting
 * Level 5.1 Transmutations
 + Level 3.6 Poison Magic


You had 9 spell levels left.
You knew the following spells:

 Your Spells              Type           Power      Damage    Failure   Level
a - Beastly Appendage     Tmut           48%        N/A       7%          1
b - Spider Form           Tmut/Pois      10%        N/A       17%         3
c - Blade Hands           Tmut           12%        N/A       61%         5

Your spell library contained the following spells:

 Spells                   Type           Power      Damage    Failure   Level
 Wereblood                Tmut           24%        N/A       9%          2
 Animate Skeleton         Necr           8%         N/A       28%         1
 Pain                     Necr           16%        1d4       28%         1
 Gell's Gravitas          Tloc           2%         N/A       58%         3
 Portal Projectile        Hex/Tloc       8%         N/A       58%         3
 Teleport Other           Tloc           4%         N/A       58%         3
 Vampiric Draining        Necr           2%         2d6       58%         3
 Ice Form                 Ice/Tmut       14%        N/A       61%         4
 Excruciating Wounds      Necr           2%         N/A       99%         5
 Dispersal                Tloc           2%         N/A       100%        6


Dungeon Overview and Level Annotations

Branches:
Dungeon (5/15)
 Temple: D:4-7

Altars:
Ashenzari
Dithmenos
Makhleb
Vehumet

Shops:
D:3 (   D:5 (

Annotations:
D:5 exclusion: water moccasin, Grinder, Menkaure


Innate Abilities, Weirdness & Mutations

You are a venomous arachnid creature.
You have poisonous fangs.
You are tiny and dextrous.
Your spellcasting is less reliable in this form.
Your armour is entirely melded.
You are incapable of wielding weapons or throwing items.
You cannot wear most types of armour.
((You are amphibious.))
You can wear up to eight rings at the same time.
((Your skin changes colour to match your surroundings (Stealth+).))
((Your rubbery body absorbs attacks. (AC +1, EV +1)))
((You are camouflaged near water. (Stealth+)))
((You have tentacles for arms and can constrict up to eight enemies at once.))


Message History

The magic dart hits you!
The orc wizard gestures at you while chanting.
The magic dart hits you. The orc wizard completely misses you.
An orc opens the door.
You hit the orc wizard.
The orc wizard is moderately wounded.
The orc wizard barely misses you.
You bite the orc wizard!
The orc wizard is almost dead.
The orc hits you with a +1 short sword of venom.
You are poisoned.
The orc wizard gestures wildly while chanting.
The orc wizard flickers and vanishes!
Deactivating autopickup; reactivate with Ctrl-A.
The orc wizard hits you with a +1 dagger of venom.
You are lethally poisoned!
You hit something but do no damage.
Your transformation is almost over.
You feel extremely sick.
The orc hits you with a +1 short sword of venom.
You are more poisoned.
Something misses you.
The orc wizard gestures at you while chanting.
You easily resist.
You bite something!
Reactivating autopickup.
You feel a bit more experienced.
* * * LOW HITPOINT WARNING * * *
You feel extremely sick. The orc closely misses you.
You bite the orc wizard!
The orc wizard is poisoned.
The orc wizard is heavily wounded.
* * * LOW HITPOINT WARNING * * *
You feel extremely sick.
The orc wizard hits you with a +1 dagger of venom.
* * * LOW HITPOINT WARNING * * *
Unknown command.
You barely miss the orc wizard.
The orc wizard is severely wounded.
You die...

#.......#####
...##.#######'#.....#
......'......#.....#
.... #......'.....#
... #......#.....# ..
#......#.....# #.
#.###..####'##
######o##'###..# .#
......)s..'....# .#
.......o..#....#
################


You could see an orc wizard (very poisoned) and an orc.

Vanquished Creatures
  Pikel (D:4)
  Eustachio (D:5)
  3 water moccasins (D:5)
  A black bear (D:5)
  2 ogres (D:5)
  3 phantoms
  3 scorpions
  2 wyvern skeletons (D:5)
  A howler monkey (D:5)
  A bullfrog zombie (D:5)
  2 centaur skeletons (D:4)
  An orc priest (D:3)
  An iguana (D:4)
  3 orc wizards
  A hound skeleton (D:4)
  4 gnolls (D:4)
  5 adders
  A white imp (D:4)
  An adder skeleton (D:4)
  3 worms
  2 dart slugs
  6 orcs (D:3)
  6 ball pythons
  10 endoplasms
  9 giant cockroaches
  14 goblins
  10 hobgoblins
  15 jackals
  A quokka (D:2)
  7 bats
  A frilled lizard (D:2)
  4 kobolds
  A rat (D:2)
126 creatures vanquished.

Notes
Turn   | Place    | Note
-------+----------+-------------------------------------------
     0 | D:1      | H0rd4k the Octopode Transmuter began the quest for the Orb.
     0 | D:1      | Reached XP level 1. HP: 13/13 MP: 3/3
    75 | D:1      | Reached XP level 2. HP: 13/18 MP: 5/5
   957 | D:1      | Reached XP level 3. HP: 22/23 MP: 6/6
   961 | D:1      | Learned a level 3 spell: Spider Form
  2024 | D:2      | HP: 1/23 [poisoned by an adder]
  2398 | D:2      | Reached XP level 4. HP: 23/28 MP: 8/8
  3291 | D:2      | Reached skill level 4 in Unarmed Combat
  3903 | D:3      | Found Hease's Weapon Shoppe.
  3933 | D:3      | Reached XP level 5. HP: 32/33 MP: 9/9
  3975 | D:3      | Found a faded altar of an unknown god.
  3981 | D:3      | Reached skill level 1 in Poison Magic
  4216 | D:3      | Found a burning altar of Makhleb.
  4654 | D:4      | Reached XP level 6. HP: 21/38 MP: 4/10
  4919 | D:4      | Noticed Pikel
  4942 | D:4      | Killed Pikel
  4943 | D:4      | Reached skill level 1 in Stealth
  4943 | D:4      | Reached skill level 5 in Unarmed Combat
  4943 | D:4      | Reached XP level 7. HP: 17/44 MP: 6/12
  5550 | D:4      | Reached XP level 8. HP: 24/50 MP: 14/14
  5757 | D:4      | Reached skill level 6 in Unarmed Combat
  6027 | D:4      | Found a radiant altar of Vehumet.
  6302 | D:5      | Entered Level 5 of the Dungeon
  6779 | D:5      | Found a shadowy altar of Dithmenos.
  6808 | D:5      | Found a broken altar of Ashenzari.
  7163 | D:5      | Found Lodasmaxics's Weapon Shop.
  7616 | D:5      | Reached skill level 7 in Unarmed Combat
  7716 | D:5      | Reached XP level 9. HP: 55/55 MP: 13/16
  7762 | D:5      | Learned a level 5 spell: Blade Hands
  7946 | D:5      | Noticed Eustachio
  7959 | D:5      | Killed Eustachio
  7988 | D:5      | Noticed Grinder
  8056 | D:5      | Reached skill level 5 in Spellcasting
  8056 | D:5      | Reached skill level 5 in Transmutations
  8305 | D:5      | Noticed Menkaure
  8504 | D:5      | HP: 1/55 [orc wizard (2)]
  8505 | D:5      | Succumbed to an orc's poison

Illustrated notes

Levels and vault maps discovered:
D:1:      shiori_arrival_elements, layout_basic
D:2:      kennysheep_the_goblin_king, layout_loops_ring,
          minmay_misc_feat_secret_circle, moated_statue,
          kennysheep_decorative_pillar, minmay_small_reverse_x
D:3:      layout_loops_ring, nicolae_overflow_hidden_temple, serial_shops,
          nicolae_shop_behind_doors, hellmonk_ecumenical_altar_dog_temple
D:4:      layout_basic, vehumet_crystals, minmay_distorted, uniq_pikel
D:5:      minmay_diamond_boxcup, layout_gridville,
          mainiacjoe_overflow_two_lobes, serial_shops,
          nicolae_shop_behind_doors, minivault_4, uniq_prince_ribbit1,
          uniq_menkaure, uniq_eustachio, uniq_grinder

Skill      XL: |  1  2  3  4  5  6  7  8  9 |
---------------+----------------------------+-----
Unarmed Combat | 4 5 7 |  7.5
Spellcasting   | 3 4 5 |  5.1
Poison Magic   | 1 2 3 |  3.6
Dodging        | 3 4 |  4.7
Stealth        | 1 2 3 4 |  4.2
Transmutations | 3 4 5 |  5.1
Fighting       | 2 |  2.6

Action                   |  1- 3 |  4- 6 |  7- 9 || total
-------------------------+-------+-------+-------++-------
Melee: Unarmed           |   114 |   134 |   169 ||   417
       Constrict         |    24 |    28 |     7 ||    59
       Tentacles         |    13 |    10 |     9 ||    32
       Punch             |     1 |     4 |     1 ||     6
 Cast: Spider Form       |     1 |     6 |    18 ||    25
  Use: Potion            |       |     1 |       ||     1
 Stab: Sleeping          |     9 |     7 |     5 ||    21
Armor: Skin              |     7 |    11 |    14 ||    32
Dodge: Dodged            |    67 |   138 |   149 ||   354
